 Dungeon Crawl Stone Soup version 0.32-a0-450-g080537f31e (webtiles) character file.

Game seed: 1304757493768170161

266 Dittersdorf the Shield-Bearer (level 6, -7/39 HPs)
             Began as a Gargoyle Fighter on Feb 23, 2024.
             Killed by divine providence
             ... invoked by an orc priest
              (12 damage)
             ... on level 4 of the Dungeon.
             The game lasted 00:02:11 (2272 turns).

Dittersdorf the Shield-Bearer (Gargoyle Fighter)    Turns: 2272, Time: 00:02:12

Health: -7/39      AC: 12    Str: 21    XL:     6   Next: 20%
Magic:  6/6        EV: 24    Int:  9    God:
Gold:   107        SH:  4    Dex:  9    Spells: 5/5 levels left

rFire   . . .        o - +0 morningstar
rCold   . . .        c - +0 buckler
rNeg    + . .        b - +0 scale mail
rPois   ∞            j - +0 helmet
rElec   +            (no cloak)
rCorr   .            (no gloves)
SInv    .            (no boots)
Will    .....        k - amulet of the acrobat Stlth
                     (no ring)
HPRegen 0.26/turn    (no ring)
MPRegen 0.10/turn

%: acrobat
@: acrobatic
A: sickness immunity, AC +4, negative energy resistance 1, electricity
resistance, torment resistance 1, petrification resistance
a: Convert to Beogh


You were on level 4 of the Dungeon.
You visited 1 branch of the dungeon, and saw 4 of its levels.

You collected 107 gold pieces.

Inventory:

Hand Weapons
 o - a +0 morningstar (weapon)
Armour
 b - a +0 scale mail (worn)
 c - a +0 buckler (worn)
 j - a +0 helmet (worn)
Jewellery
 k - an amulet of the acrobat (around neck)
Wands
 n - a wand of flame (12)
Scrolls
 a - a scroll of teleportation {unknown}
 e - 2 scrolls of enchant armour {unknown}
 f - 4 scrolls of identify {unknown}
 g - a scroll of blinking {unknown}
 h - a scroll of noise {unknown}
 p - a scroll of revelation {unknown}
 r - a scroll of amnesia {unknown}
Potions
 d - 3 potions of might
 i - 2 potions of curing {unknown}
 l - 2 potions of heal wounds {unknown}
 m - a potion of haste {unknown}
 q - a potion of degeneration {unknown}
 s - a potion of brilliance {unknown}


   Skills:
 + Level 4.6 Fighting
 + Level 3.6 Maces & Flails
 + Level 4.6 Armour
 + Level 4.6 Shields


You had 5 spell levels left.
You didn't know any spells.
Your spell library contained the following spells:

 Spells                   Type           Power      Damage    Failure   Level
 Foxfire                  Conj/Fire      0%         2x1d4     78%         1
 Plasma Beam              Fire/Air       0%         2x1d10    100%        6
 Starburst                Conj/Fire      0%         6d3       100%        6


Dungeon Overview and Level Annotations

Branches:
Dungeon (4/15)
 Temple: D:4-7

Altars:
Dithmenos
Kikubaaqudgha
Nemelex Xobeh

Shops:
D:1 [:(:


Innate Abilities, Weirdness & Mutations

You are immune to sickness and miasma.
Your stone body is resilient. (AC +4)
You are immune to poison.
You resist negative energy. (rN+)
You are resistant to electric shocks. (rElec)
You are resistant to unholy torment.
You are immune to petrification.


Message History

Found two stone staircases leading down.
There is a stone staircase leading up here.
An orc comes into view. It is wielding a +0 club.
The orc shouts!
An orc comes into view. It is wielding a +0 war axe.
The orc shouts!
You hear a shout!
The orc completely misses you.
You barely miss the orc. The orc hits you but does no damage.
You puncture the orc!
You kill the orc!
An orc priest comes into view. It is wielding a +0 mace.
The orc hits you but does no damage.
You barely miss the orc. The orc hits you but does no damage.
The orc priest invokes the aid of Beogh against you.
Beogh smites you!
The orc priest shouts, "Beogh offers mercy even to people such as you.
Join us and be reborn!" (press Y on the ability menu to convert to Beogh)
You block the orc's attack. You block the orc priest's attack.
You barely miss the orc priest.
An orc priest comes into view. It is wielding a +0 falchion.
The orc closely misses you.
The orc priest mumbles some strange prayers to Beogh against you.
Beogh smites you!
You closely miss the orc priest.
The orc priest mumbles some strange prayers to Beogh against you.
Beogh smites you!
* * * LOW HITPOINT WARNING * * *
The orc priest barely misses you. The orc hits you but does no damage.
The orc priest shouts, "Surrender to Beogh and we'll let you live!"
You hit the orc priest but do no damage.
The orc priest barely misses you. The orc hits you but does no damage.
You block the orc's attack. The orc priest barely misses you.
You hit the orc priest but do no damage.
The orc priest barely misses you.
The orc priest hits you but does no damage.
You block the orc's attack. The orc completely misses you.
The orc priest mumbles some strange prayers to Beogh against you.
Beogh smites you!
You die...

#........
#........
#........
#>.......
######........
#....#<.......
#........#.###
#......###
#[.>@###
#..o.# #..oo#
#....# ###...
#.### #. #. ..


You could see 2 orc priests and an orc.

Vanquished Creatures
  Sigmund (D:3)
  2 adders (D:2)
  4 dart slugs
  A ribbon worm (D:2)
  7 orcs
  2 bats (D:1)
  11 endoplasms
  2 giant cockroaches
  3 goblins
  8 hobgoblins
  5 jackals
  7 kobolds
  4 quokkas
  10 ball pythons
  2 frilled lizards (D:1)
  6 rats
75 creatures vanquished.

Notes
Turn   | Place    | Note
-------+----------+-------------------------------------------
     0 | D:1      | Dittersdorf the Gargoyle Fighter began the quest for the
                  | Orb.
     0 | D:1      | Reached XP level 1. HP: 14/14 MP: 1/1
    14 | D:1      | Found Unopade's Weapon Shop.
    39 | D:1      | Reached XP level 2. HP: 7/19 MP: 2/2
   126 | D:1      | Reached XP level 3. HP: 22/23 MP: 3/3
   267 | D:1      | Found Joer's Book Emporium.
   393 | D:1      | Found Qukkoi's Antique Armour Boutique.
   607 | D:1      | Found Vaihyu's Book Emporium.
   865 | D:2      | Reached XP level 4. HP: 29/29 MP: 4/4
   913 | D:2      | Found an ancient bone altar of Kikubaaqudgha.
  1458 | D:3      | Noticed Sigmund
  1473 | D:3      | Killed Sigmund
  1474 | D:3      | Reached XP level 5. HP: 16/34 MP: 5/5
  1474 | D:3      | Reached XP level 6. HP: 19/39 MP: 6/6
  1793 | D:3      | Found a faded altar of an unknown god.
  2161 | D:3      | Found a shadowy altar of Dithmenos.
  2161 | D:3      | Found a sparkling altar of Nemelex Xobeh.
  2272 | D:4      | Killed from afar by an orc priest

Illustrated notes

Levels and vault maps discovered:
D:1:      reono_arrival_mine, layout_basic, serial_shops, shop,
          nicolae_shop_window_shopping, shop, nicolae_lakefront_shop,
          minmay_hexomino_r4
D:2:      layout_loops_ring, basic_altar
D:3:      layout_basic, nicolae_overflow_two_pavilions,
          hellmonk_ecumenical_altar_slurped_away, solitary_fountain,
          uniq_sigmund
D:4:      layout_rooms, regret_index_temple_of_mockery,
          mainiacjoe_overflow_concentric_impassable, temple_doors_ab

Skill      XL: |  1  2  3  4 |
---------------+-------------+-----
Shields        | 4 |  4.6
Fighting       | 4 |  4.6
Maces & Flails | 3 |  3.6
Armour         | 4 |  4.6

Action                     |  1- 3 |  4- 6 || total
---------------------------+-------+-------++-------
  Melee: Flail             |   140 |    69 ||   209
         Morningstar       |       |    45 ||    45
 Armour: Scale mail        |   113 |    83 ||   196
  Dodge: Dodged            |    94 |    62 ||   156
  Block: Buckler           |    53 |    28 ||    81

Table legend: (Time is in decaauts)
 A = Elapsed time spent in this place.
 B = Non-inter-level travel time spent in this place.
 C = Inter-level travel time spent in this place.
 D = Time resting spent in this place.
 E = Time spent auto-exploring this place.
 F = Levels seen in this place.
 G = Mean time per level.
                   A        B        C        D        E       F      G
               +--------+--------+--------+--------+--------+-----+--------+
         Total |   2348 |   2237 |    111 |     93 |   1547 |   4 |  587.0 |
       Dungeon |   2348 |   2237 |    111 |     93 |   1547 |   4 |  587.0 |
               +--------+--------+--------+--------+--------+-----+--------+

Top non-repeatable levels by time:
     D:1: 833 daAuts
     D:3: 813 daAuts
     D:2: 685 daAuts
     D:4: 16 daAuts
